 Dungeon Crawl Stone Soup version 0.27.0-1-g7a089689b8 (webtiles) character file.

Game seed: 8906650762504719488

616 sasquatch the Basher (level 7, -4/57 HPs)
             Began as a Minotaur Fighter on Aug 3, 2021.
             Was an Initiate of Wu Jian.
             Slain by a black bear (5 damage)
             ... on level 5 of the Dungeon.
             The game lasted 00:04:30 (3609 turns).

sasquatch the Basher (Minotaur Fighter)             Turns: 3609, Time: 00:04:31

Health: -4/57      AC:  6    Str: 22    XL:     7   Next: 21%
Magic:  6/6        EV:  7    Int:  5    God:    Wu Jian [......]
Gold:   295        SH:  9    Dex: 10    Spells: 6/6 levels left

rFire    + . .     SeeInvis .   a - +0 flail
rCold    + . .     Faith    .   c - +0 kite shield
rNeg     . . .     Spirit   .   b - +0 scale mail
rPois    +         Reflect  .   (helmet restricted)
rElec    +         Harm     .   (no cloak)
rCorr    +         Rampage  .   (no gloves)
Will     .....                  (no boots)
Stlth    ..........             (no amulet)
HPRegen  0.19/turn              (no ring)
MPRegen  0.10/turn              (no ring)

@: lethally poisoned (-4 -> -9), resistant
A: horns 2, retaliatory headbutt
a: Renounce Religion


You were on level 5 of the Dungeon.
You worshipped Wu Jian.
Wu Jian was noncommittal.
You visited 1 branch of the dungeon, and saw 5 of its levels.

You collected 295 gold pieces.

Inventory:

Hand Weapons
 a - a +0 flail (weapon)
 d - a +2 dire flail of protection
Armour
 b - a +0 scale mail (worn)
 c - a +0 kite shield (worn)
Jewellery
 k - a +4 ring of evasion
Wands
 n - a wand of iceblast (8)
Scrolls
 f - a scroll of fog {unknown}
 h - a scroll of enchant armour {unknown}
 j - a scroll of blinking {unknown}
 l - 3 scrolls of identify {unknown}
 m - a scroll of fear {unknown}
Potions
 e - a potion of resistance
 g - a potion of haste {unknown}
 i - 2 potions of lignification {unknown}
 o - a potion of mutation {unknown}
 p - a potion of heal wounds {unknown}


   Skills:
 - Level 3.6 Fighting
 + Level 9.6 Maces & Flails
 - Level 3.6 Armour
 - Level 3.6 Shields


You had 6 spell levels left.
You didn't know any spells.
Your spell library contained the following spells:

 Spells                   Type           Power      Damage    Failure   Level
 Freeze                   Ice            0%         1d3       99%         1
 Magic Dart               Conj           0%         1d3       99%         1
 Call Imp                 Summ           0%         N/A       100%        2
 Frozen Ramparts          Ice            0%         1d2       100%        3
 Mephitic Cloud           Conj/Pois/Air  0%         N/A       100%        3
 Hailstorm                Conj/Ice       0%         3d3       100%        4


Dungeon Overview and Level Annotations

Branches:
Dungeon (5/15)
 Temple: D:4-7

Altars:
Ashenzari
Dithmenos
Elyvilon
Nemelex Xobeh
Sif Muna
Wu Jian
Xom

Shops:
D:2 (   D:5 (


Innate Abilities, Weirdness & Mutations

You have a pair of horns on your head.
You reflexively headbutt those who attack you in melee.


Message History

The black bear claws you but does no damage.
Unknown command.
You hit the black bear.
The black bear is severely wounded.
The water moccasin bites you but does no damage.
The black bear goes berserk!
The water moccasin barely misses you.
You hit the black bear but do no damage.
The black bear is severely wounded.
The black bear bites you but does no damage.
The black bear barely misses you. The black bear claws you.
The water moccasin bites you but does no damage.
Unknown command.
You barely miss the black bear. You headbutt the black bear.
The black bear is severely wounded.
The black bear bites you!
The black bear claws you but does no damage. x2
The water moccasin bites you. The black bear bites you.
You block the black bear's attack. x2; The water moccasin bites you!
* * * LOW HITPOINT WARNING * * *
You are poisoned.
The water moccasin poisons you!
You closely miss the black bear. Your headbutt misses the black bear.
The black bear is severely wounded.
* * * LOW HITPOINT WARNING * * *
You feel very sick. The black bear bites you.
* * * LOW HITPOINT WARNING * * *
You block the black bear's attack. The black bear closely misses you.
The water moccasin bites you.
* * * LOW HITPOINT WARNING * * *
The black bear bites you.
* * * LOW HITPOINT WARNING * * *
The black bear claws you but does no damage. x2
It was a potion of resistance.
You feel protected.
* * * LOW HITPOINT WARNING * * *
You feel sick.
The water moccasin bites you but does no damage.
The black bear barely misses you. The black bear claws you.
You die...

#. #. #. #.#######
#.......###.##
#.....#.......
#########.....@S......
#.......#.....#h.##.##
#.#####.##.####..# ####
###.#####......# ..#
##...
)†.................##)#
#....
###.#####.#.##.###.....
#..## #..........#.#
###.# #..#.
#.......##.#.# #.#
#..#. #.##.##.##.#.#
##.## #....


You could see a water moccasin and a black bear (berserk).

Vanquished Creatures
  2 necrophages (D:5)
  Blork the orc (D:4)
  2 scorpions
  A water moccasin skeleton (D:5)
  An iguana (D:5)
  An orc wizard (D:4)
  A gnoll (D:3)
  6 adders
  A dart slug (D:3)
  A worm (D:2)
  8 orcs
  9 endoplasms
  2 giant cockroaches
  7 goblins
  7 hobgoblins
  6 jackals (D:3)
  7 quokkas
  4 ball pythons
  A bat (D:1)
  A frilled lizard (D:1)
  7 kobolds
  A quokka skeleton (D:4)
  7 rats
84 creatures vanquished.

Vanquished Creatures (others)
  An orc (D:3)
  A ball python (D:3)
  An endoplasm (D:3)
  A kobold (D:3)
4 creatures vanquished.

Grand Total: 88 creatures vanquished

Notes
Turn   | Place    | Note
-------+----------+-------------------------------------------
     0 | D:1      | sasquatch the Minotaur Fighter began the quest for the Orb.
     0 | D:1      | Reached XP level 1. HP: 19/19 MP: 0/0
    88 | D:1      | Reached skill level 3 in Maces & Flails
   214 | D:1      | Reached XP level 2. HP: 26/26 MP: 1/1
   907 | D:2      | Reached skill level 4 in Maces & Flails
  1108 | D:2      | Found Gogruj's Antique Weapon Emporium.
  1135 | D:2      | Reached XP level 3. HP: 31/31 MP: 2/2
  1338 | D:3      | Found a shadowy altar of Dithmenos.
  1481 | D:3      | Reached skill level 5 in Maces & Flails
  1528 | D:3      | Reached XP level 4. HP: 39/39 MP: 3/3
  1659 | D:3      | Found a shimmering altar of Xom.
  1802 | D:3      | Found an ornate altar of the Wu Jian Council.
  1845 | D:3      | Reached skill level 6 in Maces & Flails
  2005 | D:3      | Became a worshipper of the Wu Jian Council
  2164 | D:4      | Noticed Blork the orc
  2165 | D:4      | Noticed a scorpion
  2173 | D:4      | Killed Blork the orc
  2174 | D:4      | Reached XP level 5. HP: 25/45 MP: 4/4
  2175 | D:4      | Reached skill level 7 in Maces & Flails
  2452 | D:4      | Found a sparkling altar of Nemelex Xobeh.
  2455 | D:4      | Found a broken altar of Ashenzari.
  2458 | D:4      | Found a white marble altar of Elyvilon.
  2549 | D:4      | Reached XP level 6. HP: 24/51 MP: 5/5
  2893 | D:5      | Entered Level 5 of the Dungeon
  2942 | D:5      | Reached skill level 8 in Maces & Flails
  3085 | D:5      | Found Orreamn's Weapon Shop.
  3197 | D:5      | Reached skill level 9 in Maces & Flails
  3461 | D:5      | Reached XP level 7. HP: 57/57 MP: 6/6
  3476 | D:5      | Found a shimmering blue altar of Sif Muna.
  3609 | D:5      | HP: 1/57 [poisoned by a water moccasin]
  3609 | D:5      | Slain by a black bear

Illustrated notes

Levels and vault maps discovered:
D:1:      eino_arrival_cavern_d, layout_loops_corners
D:2:      cheibrodos_old_hovel, layout_rooms, serial_shops, shop
D:3:      layout_rooms, xom_confusion_cloud,
          mainiacjoe_overflow_concentric_impassable,
          mainiacjoe_overflow_brackets, chequers_decorated_corner
D:4:      layout_cave_pools, grunt_temple_overflow_diamond, uniq_blork_the_orc
D:5:      layout_loops_cross, trog_book, led_sif_pool, serial_shops, shop

Skill      XL: |  1  2  3  4  5  6 |
---------------+-------------------+-----
Maces & Flails | 3 4 5 6 7 9 |  9.6
Fighting       | |  3.6
Armour         | |  3.6
Shields        | |  3.6

Action                   |  1- 3 |  4- 6 |  7- 9 || total
-------------------------+-------+-------+-------++-------
Melee: Flail             |   110 |   103 |    15 ||   228
       Headbutt          |    17 |    19 |     3 ||    39
Invok: Lunge             |       |     2 |       ||     2
  Use: Potion            |       |     1 |     1 ||     2
Armor: Scale mail        |    55 |    33 |    16 ||   104
Dodge: Dodged            |    41 |    30 |    18 ||    89
Block: Kite shield       |    71 |    38 |    13 ||   122
